 Dungeon Crawl Stone Soup version 0.29.1-2-gbd0b4ee654 (webtiles) character file.

Game seed: 9324027427427114629

111 Peloso the Shield-Bearer (level 4, -1/40 HPs)
             Began as a Minotaur Fighter on Nov 30, 2022.
             Slain by an ufetubus (3 damage)
             ... on level 5 of the Dungeon.
             The game lasted 00:03:49 (2398 turns).

Peloso the Shield-Bearer (Minotaur Fighter)         Turns: 2398, Time: 00:03:49

Health: -1/40      AC:  9    Str: 21    XL:     4   Next: 62%
Magic:  3/3        EV:  9    Int:  5    God:
Gold:   80         SH:  5    Dex: 11    Spells: 3/3 levels left

rFire   . . .      SeeInvis .   a - +1 long sword
rCold   . . .      Faith    .   c - +0 buckler
rNeg    . . .      Spirit   .   b - +0 scale mail
rPois   .          Reflect  .   (helmet restricted)
rElec   .          Harm     .   (no cloak)
rCorr   .          Rampage  .   (no gloves)
Will    .....      Rage     3%  (no boots)
Stlth   ..........              (no amulet)
HPRegen 0.13/turn               (no ring)
MPRegen 0.08/turn               (no ring)

@: no status effects
A: horns 2, retaliatory headbutt, iridescent scales 1, berserk 1
a: no special abilities


You were on level 5 of the Dungeon.
You visited 1 branch of the dungeon, and saw 5 of its levels.

You collected 80 gold pieces.

Inventory:

Hand Weapons
 a - a +1 long sword (weapon)
Missiles
 k - 2 throwing nets (quivered)
Armour
 b - a +0 scale mail (worn)
 c - a +0 buckler (worn)
Jewellery
 l - a ring of ice
Wands
 n - a wand of polymorph (10)
Scrolls
 g - 2 scrolls of identify {unknown}
 o - a scroll of poison {unknown}
Potions
 d - 4 potions of might
 e - a potion of lignification {unknown}
 f - a potion of mutation
 i - a potion of attraction
 j - a potion of heal wounds {unknown}
 m - a potion of haste {unknown}


   Skills:
 + Level 4.0 Fighting
 + Level 4.1 Long Blades
 + Level 4.3 Armour
 + Level 0.9 Dodging
 + Level 0.1 Stealth
 + Level 4.4 Shields


You had 3 spell levels left.
You didn't know any spells.
Your spell library contained the following spells:

 Spells                   Type           Power      Damage    Failure   Level
 Confusing Touch          Hex            0%         N/A       99%         3
 Yara's Violent Unravell  Hex/Tmut       0%         3d3       100%        5
 Enfeeble                 Hex            0%         N/A       100%        7


Dungeon Overview and Level Annotations

Branches:
Dungeon (5/15)
 Temple: D:4-7

Altars:
Cheibriados


Innate Abilities, Weirdness & Mutations

You have a pair of horns on your head.
You reflexively headbutt those who attack you in melee.
You are partially covered in iridescent scales. (AC +2)
You sometimes lose your temper in combat.


Message History

The orc shouts!
You hear an angry hiss.
An ufetubus comes into view.
Found a scroll of teleportation.
The ufetubus shouts!
You block the hound's attack. You block the ufetubus's attack.
The ufetubus barely misses you. The ogre closely misses you.
The ufetubus hits you.
* * * LOW HITPOINT WARNING * * *
The ufetubus hits you but does no damage.
The hound closely misses you. The hound barely misses you.
You furiously retaliate!
You headbutt the hound!
You kill the hound!
The ufetubus hits you.
* * * LOW HITPOINT WARNING * * *
You block the ufetubus's attack.
Your Long Blades skill increases to level 4!
The ogre completely misses you. You furiously retaliate!
You headbutt the ogre. The ufetubus barely misses you. You furiously retaliate!
You headbutt the ufetubus. You block the ufetubus's attack.
The orc closely misses you.
Unknown command.
The ufetubus hits you but does no damage.
You block the ufetubus's attack.
The ufetubus hits you but does no damage. x2
You block the orc's attack. The ogre barely misses you.
Unknown command.
The ufetubus misses you. You block the ufetubus's attack.
You block the orc's attack.
Unknown command.
You block the ufetubus's attack.
The ufetubus hits you but does no damage.
The ogre barely misses you. You furiously retaliate!
You headbutt the ogre, but do no damage.
The orc hits you with a +0 hand axe.
* * * LOW HITPOINT WARNING * * *
The ufetubus hits you but does no damage.
The ufetubus barely misses you. You block the ufetubus's attack.
The ufetubus hits you.
You die...

#. #.# #. ###. ..#
#####.#### #.. ...
......... [.# ##.###
........# ##.##.....##
..[.....# #..#....$..#
........#####..#.o.....#
...............†@O._....
..[............#.5.....#
..........<....#.......#
##....#######..##.....##
...<.......##..# ##.###
##.........###... ...
#......:..# ##### ###
#.........# #.........#


You could see an ogre, an orc and an ufetubus.

Vanquished Creatures
  A hound (D:5)
  An adder (D:2)
  3 worms
  2 dart slugs (D:2)
  3 orcs (D:3)
  6 endoplasms
  2 giant cockroaches
  4 goblins
  4 hobgoblins
  2 jackals (D:3)
  A quokka (D:2)
  4 ball pythons
  6 bats
  A frilled lizard (D:1)
  7 kobolds
  8 rats
55 creatures vanquished.

Vanquished Creatures (others)
  2 plants (D:3)
2 creatures vanquished.

Grand Total: 57 creatures vanquished

Notes
Turn   | Place    | Note
-------+----------+-------------------------------------------
     0 | D:1      | Peloso the Minotaur Fighter began the quest for the Orb.
     0 | D:1      | Reached XP level 1. HP: 19/19 MP: 0/0
   238 | D:1      | Reached XP level 2. HP: 27/27 MP: 1/1
   487 | D:1      | Found a faded altar of an unknown god.
  1098 | D:2      | Reached XP level 3. HP: 33/33 MP: 2/2
  2072 | D:3      | Reached XP level 4. HP: 40/40 MP: 3/3
  2312 | D:3      | Gained mutation: You sometimes lose your temper in combat.
                  | [potion of mutation]
  2312 | D:3      | Gained mutation: You are partially covered in iridescent
                  | scales. (AC +2) [potion of mutation]
  2379 | D:5      | Entered Level 5 of the Dungeon
  2388 | D:5      | Found a snail-covered altar of Cheibriados.
  2389 | D:5      | Noticed an ogre
  2397 | D:5      | HP: 2/40 [orc/+0 hand axe (2)]
  2398 | D:5      | Slain by an ufetubus

Illustrated notes

Levels and vault maps discovered:
D:1:      lightli_arrival_isolated_outpost, layout_basic,
          ebering_ecumenical_altar_hall, minmay_crystal_water
D:2:      layout_loops_ring, hex_medium, minmay_splitting_lines
D:3:      corexii_shack_village, layout_loops_ring,
          nicolae_overflow_crystal_walls
D:4:      layout_loops_ring
D:5:      layout_basic, old_standard_altar, minmay_temple_entry_crystal_x

Skill      XL: |  1  2  3  4 |
---------------+-------------+-----
Shields        | 4 |  4.4
Long Blades    | 3 4 |  4.1
Armour         | 4 |  4.3
Fighting       | 4 |  4.0
Dodging        | |  0.9
Stealth        | |  0.1

Action                   |  1- 3 |  4- 6 || total
-------------------------+-------+-------++-------
Melee: Long sword        |   102 |    16 ||   118
       Headbutt          |    13 |     1 ||    14
  Use: Scroll            |     5 |       ||     5
       Potion            |       |     4 ||     4
Armor: Scale mail        |    54 |    24 ||    78
Dodge: Dodged            |    49 |    31 ||    80
Block: Buckler           |    31 |    16 ||    47
